 Dungeon Crawl Stone Soup version 0.32-a0-818-gb728d02 (webtiles) character file.

Game seed: 6442263954313598017

8064 Dorkslayer the Cleaver (level 11, -12/72 HPs)
             Began as an Octopode Fighter on Mar 23, 2024.
             Was a High Priest of Okawaru.
             Mangled by a two-headed ogre
             ... wielding a +0 giant club
              (25 damage)
             ... on level 10 of the Dungeon.
             The game lasted 00:26:43 (7634 turns).

Dorkslayer the Cleaver (Octopode Fighter)           Turns: 7634, Time: 00:26:43

Health: -12/72     AC:  1    Str: 20    XL:     11   Next: 25%
Magic:  15/16      EV: 13    Int: 10    God:    Okawaru [*****.]
Gold:   1142       SH: 11    Dex: 12    Spells: 10/10 levels left

rFire   . . .        a - +3 war axe
rCold   . . .        b - +1 buckler
rNeg    + . .        (helmet currently unavailable)
rPois   +            c - amulet of reflection
rElec   .            k - ring of poison resistance
rCorr   .            C - ring of positive energy
SInv    .            (no ring)
Will    .....        (no ring)
Stlth   +++++        (no ring)
HPRegen 0.32/turn    (no ring)
MPRegen 0.15/turn    (no ring)
                     (no ring)

%: reflection
@: beast-form
A: beast (slay +3), almost no armour, amphibious, 8 rings, camouflage 1,
gelatinous body 1, (nimble swimmer 1), tentacles
a: Begin Untransformation, Renounce Religion, Heroism, Finesse, Duel


You were on level 10 of the Dungeon.
You worshipped Okawaru.
Okawaru was extremely pleased with you.
You were a hulking beast.
You visited 1 branch of the dungeon, and saw 10 of its levels.
You also visited: Bailey.

You collected 1142 gold pieces.

Inventory:

Hand Weapons
 a - a +3 war axe (weapon)
 A - a +2 hand axe of flaming
Missiles
 u - 2 throwing nets
 B - 26 boomerangs
 F - 8 atropa-tipped darts
 G - 4 datura-tipped darts
Armour
 b - a +1 buckler (worn)
 o - a +1 hat
Jewellery
 c - an amulet of reflection (around mantle)
 j - a ring of fire
 k - a ring of poison resistance (left tentacle)
 x - a ring of fire
 C - a ring of positive energy (right tentacle)
Talismans
 i - a flux talisman
 q - a beast talisman (active)
Scrolls
 f - 3 scrolls of amnesia
 g - 3 scrolls of enchant armour
 l - a scroll of fear
 s - 5 scrolls of teleportation
 w - a scroll of immolation
 y - a scroll of revelation
Potions
 d - 3 potions of degeneration {unknown}
 h - a potion of brilliance
 m - 2 potions of enlightenment {unknown}
 n - 2 potions of lignification {unknown}
 r - a potion of haste {unknown}
 v - a potion of magic {unknown}
 z - a potion of mutation {unknown}
 D - 2 potions of cancellation {unknown}
 H - a potion of berserk rage
Miscellaneous
 p - a lightning rod (inert)


   Skills:
 + Level 5.5 Fighting
 + Level 8.7 Axes
 + Level 0.7 Throwing
 + Level 5.2 Dodging
 + Level 8.1 Stealth
 + Level 5.6 Shields
 * Level 6.6 Invocations
 * Level 7.3 Evocations
 * Level 5.7 Shapeshifting


You had 10 spell levels left.
You didn't know any spells.
Your spell library contained the following spells:

 Spells                   Type           Power      Damage    Failure   Level
 Magic Dart               Conj           0%         1d3       41%         1
 Shock                    Conj/Air       0%         1d3       41%         1
 Blink                    Tloc           0%         N/A       56%         2
 Hailstorm                Conj/Ice       0%         3d5       80%         3
 Swiftness                Air            0%         N/A       80%         3
 Airstrike                Air            0%         2d(0-16)  99%         4
 Eringya's Noxious Bog    Alch           0%         4d6       100%        6
 Permafrost Eruption      Ice/Erth       0%         2x4d2     100%        6
 Call Imp                 Summ           Unusable   N/A       N/A         2
 Summon Ice Beast         Ice/Summ       Unusable   N/A       N/A         3
 Summon Forest            Summ/Tloc      Unusable   N/A       N/A         5
 Sculpt Simulacrum        Ice/Alch       Unusable   N/A       N/A         6
 Summon Hydra             Summ           Unusable   N/A       N/A         7

Dungeon Overview and Level Annotations

Branches:
Dungeon (10/15)            Temple (0/1) D:7             Orc (0/2) D:10
 Bailey (visited)
   Lair: D:8-11

Altars:
Dithmenos
Gozag
Makhleb
Nemelex Xobeh
Okawaru
Sif Muna
Trog
Wu Jian
Xom
Yredelemnul
The Shining One


Innate Abilities, Weirdness & Mutations

You are a hulking beast.
Your limbs bulge with bestial killing power. (Slay +3)
You cannot wear most types of armour.
You are amphibious.
You can wear up to eight rings at the same time.
Your skin changes colour to match your surroundings (Stealth+).
Your rubbery body absorbs attacks. (AC +1, EV +1)
((You are camouflaged when in or above water. (Stealth+)))
You have tentacles for arms and can constrict up to eight enemies at once.


Message History

The centaur is moderately wounded.
You flicker for a moment.
The centaur hits you.
* * * LOW HITPOINT WARNING * * *
You block the centaur's attack.
A two-headed ogre comes into view. It is wielding two +0 giant clubs.
The centaur misses you. x2
Okay, then.
Aiming: Thunderbolt
Press: ? - help, Shift-Dir - straight line, f - two-headed ogre
Aim: a two-headed ogre, wielding two +0 giant clubs (wandering, unable to see you, hasn't noticed you)
The thunderbolt hits the two-headed ogre!
The two-headed ogre is moderately wounded.
The thunderbolt hits the centaur!
You kill the centaur!
Okawaru accepts your kill. Okawaru grants you throwing weapons!
Something appears before you!
You hear a shout! x5
Aiming: Thunderbolt
Press: ? - help, Shift-Dir - straight line, p - two-headed ogre The lightning rod overheats!
Unknown command.
Unknown command.
Throw: dart (curare)
Press: ? - help, Q - select action, (/) - cycle Shift-Dir - straight line, f - two-headed ogre
Aim: a two-headed ogre, wielding two +0 giant clubs (moderately wounded, wandering, unable to see you, hasn't noticed you, 75% to hit)
You throw a curare-tipped dart.
The curare-tipped dart hits the two-headed ogre.
The two-headed ogre is poisoned.
The two-headed ogre struggles to breathe.
The two-headed ogre seems to slow down.
The two-headed ogre is moderately wounded.
You slash the two-headed ogre! You squeeze the two-headed ogre.
The two-headed ogre is heavily wounded.
You slash the two-headed ogre!
The two-headed ogre is severely wounded.
You flicker back into view.
The two-headed ogre hits you with a +0 giant club!!
You die...

.....,,,,,.....*#.###.#
**,,,,,,,,.....##.##..#
**,,,,,,,,...........##
,,,,,,,,,**###.......#
**,,,,,,,,,#.........#
*****,,,,*...####.####
,,***,,,,,.,** ##.#
,,,,,,,,,**,,* #..#
*,,,,,*,,,**,* #h##
*,**,,,,,,,*,**#O#
*,**,,,,,,,,,,,(.#***
*,*,,,,,,,,,**....,,*
*,*,*,,,,,,,*#....,,*
*,,,**,,,,,**#.....,*
******,,,,,**#.....,*
*,,,,,,,*#<.....*
*,,,,,,,*********


You could see a two-headed ogre (very poisoned, slow).

Vanquished Creatures
  Gastronok (D:8)
  A two-headed ogre (D:8)
  Joseph (D:7)
  An unseen horror (D:10)
  Jeremiah (D:8)
  2 kobold demonologists (D:8)
  A hornet (D:9)
  4 yaks (D:6)
  A wyvern (D:9)
  A wraith (D:9)
  Edmund (D:5)
  A water moccasin (D:9)
  7 orc warriors
  2 ice beasts
  A sky beast (D:8)
  A black bear (D:5)
  3 ogres
  2 centaurs
  12 kobold brigands
  A weeping skull (D:4)
  A bullfrog (D:8)
  5 scorpions
  2 oklob saplings (D:9)
  4 howler monkeys
  A jelly (D:6)
  2 bombardier beetles (D:5)
  Crazy Yiuf (D:4)
  6 orc priests
  A gnoll bouda (D:5)
  5 hounds
  An iguana (D:4)
  5 orc wizards
  5 gnolls (D:5)
  16 adders
  A shadow imp (D:6)
  4 dart slugs
  2 ribbon worms
  24 orcs
  9 endoplasms
  3 giant cockroaches
  16 goblins
  7 hobgoblins
  4 jackals
  4 quokkas
  11 ball pythons
  4 bats
  2 frilled lizards
  43 kobolds
  4 rats
  A spectral orc (D:4)
239 creatures vanquished.

Notes
Turn   | Place    | Note
-------+----------+-------------------------------------------
     0 | D:1      | Dorkslayer the Octopode Fighter began the quest for the
                  | Orb.
     0 | D:1      | Reached XP level 1. HP: 16/16 MP: 1/1
    27 | D:1      | Reached XP level 2. HP: 10/21 MP: 2/2
   300 | D:1      | Reached XP level 3. HP: 26/26 MP: 3/3
   844 | D:1      | Found a faded altar of an unknown god.
  1433 | D:2      | Reached skill level 1 in Stealth
  1433 | D:2      | Reached XP level 4. HP: 31/31 MP: 4/4
  1741 | D:3      | Reached skill level 1 in Shapeshifting
  1946 | D:3      | Reached XP level 5. HP: 32/37 MP: 5/5
  2061 | D:4      | Noticed an ice beast
  2073 | D:4      | Killed an ice beast
  2074 | D:4      | Reached skill level 1 in Evocations
  2074 | D:4      | Reached XP level 6. HP: 43/43 MP: 6/6
  2204 | D:4      | Found an opulent altar of Gozag.
  2204 | D:4      | Found a shadowy altar of Dithmenos.
  2206 | D:4      | Found a shimmering blue altar of Sif Muna.
  2208 | D:4      | Found an ornate altar of the Wu Jian Council.
  2208 | D:4      | Found an iron altar of Okawaru.
  2208 | D:4      | Found a sparkling altar of Nemelex Xobeh.
  2210 | D:4      | Found a shimmering altar of Xom.
  2210 | D:4      | Found a glowing golden altar of the Shining One.
  2210 | D:4      | Found a burning altar of Makhleb.
  2220 | D:4      | Became a worshipper of Warmaster Okawaru
  2284 | D:4      | Found a basalt altar of Yredelemnul.
  2477 | D:4      | Reached XP level 7. HP: 48/48 MP: 7/7
  2970 | D:4      | Found a runed translucent door.
  2971 | D:4      | Noticed Crazy Yiuf
  2977 | D:4      | Killed Crazy Yiuf
  3042 | D:5      | Entered Level 5 of the Dungeon
  3120 | D:5      | Reached * piety under Okawaru
  3128 | D:5      | Identified the +3 whip "Cif Amab" {freeze, rElec Will+}
  3136 | D:5      | HP: 2/48 [centaur/bolt of dispelling energy (14)]
  3356 | D:5      | Found a bloodstained altar of Trog.
  3377 | D:5      | Reached skill level 5 in Axes
  3384 | D:5      | Reached skill level 1 in Invocations
  3559 | D:5      | Reached XP level 8. HP: 40/54 MP: 9/9
  3593 | D:5      | Reached skill level 5 in Stealth
  3762 | D:5      | Noticed Edmund
  3773 | D:5      | Killed Edmund
  3848 | D:5      | Reached ** piety under Okawaru
  3990 | D:6      | Noticed a yak
  3994 | D:6      | Noticed a yak
  3997 | D:6      | Noticed a yak
  3997 | D:6      | Noticed a yak
  4005 | D:6      | Killed a yak
  4006 | D:6      | Killed a yak
  4006 | D:6      | Killed a yak
  4007 | D:6      | Reached XP level 9. HP: 59/59 MP: 9/11
  4007 | D:6      | Reached *** piety under Okawaru
  4840 | D:7      | Noticed Joseph
  4847 | D:7      | Killed Joseph
  5041 | D:7      | Reached **** piety under Okawaru
  5048 | D:7      | Reached skill level 5 in Fighting
  5053 | D:7      | Reached skill level 5 in Evocations
  5066 | D:7      | Found a staircase to the Ecumenical Temple.
  5630 | D:8      | Noticed Jeremiah
  5637 | D:8      | Killed Jeremiah
  5638 | D:8      | Reached skill level 5 in Invocations
  5638 | D:8      | Reached XP level 10. HP: 66/66 MP: 13/13
  5659 | D:8      | Noticed a two-headed ogre
  5669 | D:8      | Killed a two-headed ogre
  5822 | D:8      | Noticed a kobold demonologist
  5825 | D:8      | Noticed a kobold demonologist
  5827 | D:8      | Noticed a smoke demon
  5828 | D:8      | Noticed an orange demon
  5829 | D:8      | Killed a kobold demonologist
  5829 | D:8      | Reached ***** piety under Okawaru
  5829 | D:8      | Killed a kobold demonologist
  5830 | D:8      | Reached skill level 5 in Shields
  5830 | D:8      | Reached skill level 5 in Shapeshifting
  6005 | D:8      | Noticed Gastronok
  6043 | D:8      | Killed Gastronok
  6043 | D:8      | Received a gift from Okawaru
  6044 | D:8      | Reached skill level 5 in Dodging
  6237 | D:9      | Reached XP level 11. HP: 37/72 MP: 15/15
  6896 | D:9      | Paralysed by a hornet for 1 turns
  6963 | D:10     | Entered Level 10 of the Dungeon
  7004 | D:10     | Found a flagged portal.
  7011 | Bailey   | Entered a bailey
  7564 | Bailey   | Found a burning altar of Makhleb.
  7629 | D:10     | Noticed a two-headed ogre
  7630 | D:10     | Received a gift from Okawaru
  7634 | D:10     | Mangled by a two-headed ogre

Illustrated notes

Levels and vault maps discovered:
D:1:      lightli_iron_boxes, layout_basic,
          hellmonk_ecumenical_altar_pennies_from_heaven, minmay_quantized
D:2:      layout_rooms
D:3:      layout_rooms, minmay_gold_behind_fungi, minmay_checkerbox
D:4:      layout_loops_corners, nicolae_overflows_in_rows,
          yredelemnul_forgotten_temple_becter, uniq_crazy_yiuf_cottage
D:5:      layout_gridville, bloody_trog, minmay_liquid_box, uniq_edmund
D:6:      layout_basic
D:7:      layout_basic, minmay_temple_entry_mist, uniq_joseph
D:8:      layout_cave_pools, uniq_gastronok, uniq_jeremiah
D:9:      layout_basic, hellmonk_lair_entry_icy, introduction_to_nature_2
D:10:     wad_statue_garden, layout_rooms, david_orc_2, enter_bailey_3,
          uniq_snorg

Skill      XL: |  1  2  3  4  5  6  7  8  9 10 11 |
---------------+----------------------------------+-----
Stealth        | 1 2 3 4 5 6 7 8 |  8.1
Shapeshifting  | 1 2 3 4 5 |  5.7
Axes           | 3 4 5 6 7 8 |  8.7
Evocations     | 1 2 3 5 7 |  7.3
Fighting       | 4 5 |  5.5
Dodging        | 4 5 |  5.2
Invocations    | 1 3 5 6 |  6.6
Shields        | 4 5 |  5.6
Throwing       | |  0.7

Action                     |  1- 3 |  4- 6 |  7- 9 | 10-12 || total
---------------------------+-------+-------+-------+-------++-------
  Melee: War axe           |    56 |    66 |   145 |   113 ||   380
         Tentacles         |     8 |    10 |    32 |    20 ||    70
         Constrict         |     9 |    10 |    35 |    22 ||    76
  Throw: Dart              |       |       |       |    13 ||    13
         Boomerang         |       |       |       |     2 ||     2
  Evoke: Wand              |       |       |    17 |     9 ||    26
         Lightning rod     |       |       |     8 |     8 ||    16
    Use: Scroll            |       |    12 |     4 |     4 ||    20
         Potion            |       |     2 |     1 |     5 ||     8
   Stab: Sleeping          |     7 |     7 |    14 |     5 ||    33
         Distracted        |       |       |     2 |       ||     2
 Armour: Skin              |    36 |    18 |    50 |    68 ||   172
  Dodge: Dodged            |    46 |    32 |    35 |    48 ||   161
  Block: Buckler           |    16 |    13 |    68 |    70 ||   167
         Reflection        |       |       |     5 |    13 ||    18
   Form: Beast             |       |       |       |     1 ||     1

Table legend: (Time is in decaauts)
 A = Elapsed time spent in this place.
 B = Non-inter-level travel time spent in this place.
 C = Inter-level travel time spent in this place.
 D = Time resting spent in this place.
 E = Time spent auto-exploring this place.
 F = Levels seen in this place.
 G = Mean time per level.
                   A        B        C        D        E       F      G
               +--------+--------+--------+--------+--------+-----+--------+
         Total |   7740 |   7740 |      0 |    391 |   3885 |  11 |  703.6 |
       Dungeon |   7158 |   7158 |      0 |     62 |   3885 |  10 |  715.8 |
        Bailey |    581 |    581 |      0 |    329 |      0 |   1 |  581.0 |
               +--------+--------+--------+--------+--------+-----+--------+

Top non-repeatable levels by time:
     D:1: 1072 daAuts
     D:4: 1002 daAuts
     D:5: 957 daAuts
     D:6: 843 daAuts
     D:7: 810 daAuts
     D:9: 768 daAuts
     D:8: 585 daAuts
  Bailey: 581 daAuts
     D:2: 514 daAuts
     D:3: 510 daAuts
    D:10: 92 daAuts
